 Dungeon Crawl Stone Soup version 0.32-a0-306-gfed3edf829 (webtiles) character file.

Game seed: 13273612715196609606

762 jasper the Cleaver (level 7, -7/91 HPs)
             Began as a Mountain Dwarf Monk on Feb 14, 2024.
             Was a Believer of Beogh.
             Mangled by Crazy Yiuf
             ... wielding a +4 quarterstaff of chaos
              (13 damage)
             ... on level 3 of the Dungeon.
             The game lasted 00:11:24 (4953 turns).

jasper the Cleaver (Mountain Dwarf Monk)            Turns: 4953, Time: 00:11:24

Health: -7/91      AC: 23    Str: 15    XL:     7   Next: 51%
Magic:  7/7        EV:  2    Int: 11    God:    Beogh [**....]
Gold:   301        SH:  0    Dex: 12    Spells: 6/6 levels left

rFire   . . .        a - +1 hand axe (protect)
rCold   . . .        (no shield)
rNeg    . . .        w - melded +0 scale mail
rPois   +            B - melded +2 helmet
rElec   .            h - melded +0 cloak
rCorr   .            (gloves currently unavailable)
SInv    +            (boots currently unavailable)
Will    .....        (no amulet)
Stlth   +            o - ring of see invisible
HPRegen 0.35/turn    (no ring)
MPRegen 0.10/turn

%: no passive effects
@: confused, lethally poisoned (-7 -> -8), tree-form, ambrosia-drunk, slowed,
very slow
A: stationary, stasis, torment immunity, boosted hp, runic magic, artefact
enchanting
a: Renounce Religion, Smiting, Recall Apostles


You were on level 3 of the Dungeon.
You worshipped Beogh.
Beogh was pleased with you.
You were a tree.
You visited 1 branch of the dungeon, and saw 4 of its levels.

You collected 301 gold pieces.

Inventory:

Hand Weapons
 a - a +1 hand axe of protection (weapon)
 e - a +0 club
 j - a +0 mace
 m - a +0 flail
 C - a +6 club
Missiles
 f - 7 stones (quivered)
 i - a poisoned dart
Armour
 b - a +0 robe
 d - an orb of light
 h - a +0 cloak (melded)
 n - a +0 ring mail
 w - a +0 scale mail (melded)
 B - a +2 helmet (melded)
Jewellery
 o - a ring of see invisible (left branch)
Wands
 y - a wand of paralysis (3)
Scrolls
 p - 2 scrolls of brand weapon
 E - a scroll of noise
Potions
 g - a potion of invisibility
 k - a potion of might
 q - 2 potions of enlightenment
 t - a potion of degeneration
 x - 2 potions of attraction {unknown}
 z - a potion of lignification


   Skills:
 + Level 5.0 Fighting
 * Level 9.0 Axes
 + Level 3.5 Armour
 - Level 2.1 Dodging


You had 6 spell levels left.
You didn't know any spells.
Your spell library contained the following spells:

 Spells                   Type           Power      Damage    Failure   Level
 Freeze                   Ice            0%         1d3       34%         1
 Summon Lightning Spire   Summ/Air       0%         N/A       98%         4
 Summon Hydra             Summ           0%         N/A       100%        7


Dungeon Overview and Level Annotations

Branches:
Dungeon (4/15)
 Temple: D:4-7

Altars:

Annotations:
D:2 Jessica
D:3 Crazy Yiuf


Innate Abilities, Weirdness & Mutations

You are a tree.
Your roots penetrate the ground, keeping you stationary.
You cannot be teleported.
You are immune to unholy pain and torment.
Your maximum health is greatly increased.
Your equipment is partially melded.
Your facial features look somewhat orcish.
Your spellcasting is much less encumbered by armour.
You can use scrolls of enchantment on lesser artefacts.


Message History

You take 14 damage, and have 25/61 hp.
MASSIVE DAMAGE!!
It was a potion of lignification.
You turn into a tree.
Your +0 cloak melds into your body.
Your +2 helmet melds into your body.
Your +0 scale mail melds into your body.
Your roots penetrate the ground.
You feel less confused.
You feel very sick.
Crazy Yiuf hits you with a +4 quarterstaff of chaos.
You now have 30/91 hp.
You closely miss Crazy Yiuf.
You feel sick.
Crazy Yiuf laughs, "Citrus dark infinity!"
Crazy Yiuf hits you with a +4 quarterstaff of chaos.
* * * LOW HITPOINT WARNING * * *
Crazy Yiuf freezes you.
* * * LOW HITPOINT WARNING * * *
Oreg mumbles some strange words.
You take 4 damage, and have 26/91 hp.
You closely miss Crazy Yiuf.
You feel sick. Crazy Yiuf barely misses you.
Crazy Yiuf hits you with a +4 quarterstaff of chaos!
* * * LOW HITPOINT WARNING * * *
Crazy Yiuf burns you.
* * * LOW HITPOINT WARNING * * *
You take 11 damage, and have 15/91 hp.
Aiming: Paralyse
Press: ? - help, Shift-Dir - straight line, f - Crazy Yiuf
Aim: Crazy Yiuf, wielding a +4 quarterstaff of chaos and wearing a +0 cloak (ally target, chance to affect: 57%) Crazy Yiuf resists with significant effort.
You feel sick.
Crazy Yiuf whimpers, "Two ladder ladder!"
Crazy Yiuf hits you with a +4 quarterstaff of chaos!
* * * LOW HITPOINT WARNING * * *
You take 9 damage, and have 6/91 hp.
You are confused.
You feel invigorated.
You feel sick.
Crazy Yiuf hits you with a +4 quarterstaff of chaos.
* * * LOW HITPOINT WARNING * * *
Oreg mumbles some strange words.
Oreg conjures some foxfire!
Crazy Yiuf hits you with a +4 quarterstaff of chaos!
You die...

.....#.# #.# #.............
######.# #.# #......##.####
...÷...## #.# ##.###.##....#
####....# ### ### #.#####.#
...'....# #.......# ####....#
########## #....##♣♣ ###
#......... #.....#.♣♣ ♣♣#..)#
#########. #........♣♣♣♣♣g...#
#......... ####.....o♣vo♣#...#
#.......#. ##.#..♣.♣♣♣ ###
#.......#. ###♣♣♣♣♣ #.....#.#. #
#.....#.#. # ##### ####.....#.#.
# ####.#.####..........#.
###########..........#....######.
.............[.#.###.##..## #.


You could see Crazy Yiuf (ally target) and the friendly Oreg the orc apostle.

Vanquished Creatures
  An ogre (D:4)
  2 phantoms
  A scorpion (D:4)
  A bombardier beetle (D:4)
  An orc priest (D:4)
  A jelly (D:4)
  An iguana (D:4)
  Natasha (thrice) (D:3)
  Terence (D:3)
  Ijyb (D:3)
  An orc wizard (D:4)
  Robin (D:4)
  6 adders
  3 dart slugs
  2 orcs (D:3)
  4 bats
  8 endoplasms
  4 giant cockroaches
  7 hobgoblins
  2 jackals
  4 kobolds
  4 quokkas
  3 ball pythons
  13 goblins
  3 rats
78 creatures vanquished.

Vanquished Creatures (others)
  2 orcs (D:4)
  2 ball pythons (D:3)
  2 foxfires (D:4)
6 creatures vanquished.

Grand Total: 84 creatures vanquished

Notes
Turn   | Place    | Note
-------+----------+-------------------------------------------
     0 | D:1      | jasper the Mountain Dwarf Monk began the quest for the Orb.
     0 | D:1      | Reached XP level 1. HP: 19/19 MP: 1/1
    40 | D:1      | Reached skill level 4 in Axes
    44 | D:1      | Reached XP level 2. HP: 15/26 MP: 2/2
   662 | D:1      | Reached skill level 5 in Axes
   687 | D:1      | Got the Opusculum on Iced Calling
   758 | D:1      | Reached XP level 3. HP: 24/31 MP: 3/3
  1685 | D:2      | Noticed Jessica
  1846 | D:2      | Reached XP level 4. HP: 31/38 MP: 4/4
  1893 | D:3      | Reached skill level 6 in Axes
  1946 | D:3      | Became a worshipper of Beogh the Shepherd
  1946 | D:3      | Reached * piety under Beogh
  1946 | D:3      | Reached ** piety under Beogh
  2374 | D:3      | Noticed Natasha
  2383 | D:3      | Killed Natasha
  2464 | D:3      | Noticed Natasha
  2473 | D:3      | Killed Natasha
  2474 | D:3      | Reached XP level 5. HP: 45/45 MP: 5/5
  2497 | D:3      | Noticed Terence
  2507 | D:3      | Killed Terence
  2508 | D:3      | Reached skill level 7 in Axes
  2508 | D:3      | Reached skill level 1 in Armour
  2669 | D:3      | Noticed Ijyb
  2695 | D:3      | Paralysed by Ijyb for 2 turns
  2701 | D:3      | Killed Ijyb
  2719 | D:3      | Noticed Natasha
  2730 | D:3      | Killed Natasha
  3040 | D:3      | Found a runed translucent door.
  3041 | D:3      | Noticed Crazy Yiuf
  3163 | D:4      | Noticed a phantom
  3198 | D:3      | Killed a phantom
  3199 | D:3      | Reached XP level 6. HP: 50/52 MP: 6/6
  3555 | D:4      | Noticed Robin
  3634 | D:4      | Killed Robin
  3986 | D:4      | Reached skill level 8 in Axes
  4012 | D:4      | Reached XP level 7. HP: 45/60 MP: 7/7
  4534 | D:4      | Reached *** piety under Beogh
  4535 | D:4      | Reached skill level 5 in Fighting
  4550 | D:4      | Noticed Oreg
  4572 | D:4      | Anointed Oreg the wizard as your apostle
  4839 | D:4      | Reached skill level 9 in Axes
  4953 | D:3      | Mangled by Crazy Yiuf

Illustrated notes

Levels and vault maps discovered:
D:1:      saegor_arrival_simple_b, layout_loops_ring, minmay_nonomino_d4
D:2:      layout_basic, uniq_jessica
D:3:      layout_basic, uniq_terence, uniq_crazy_yiuf_cottage, uniq_natasha,
          uniq_ijyb
D:4:      layout_loops_cross, skrybe_limestone_x, uniq_robin

Skill      XL: |  1  2  3  4  5  6  7 |
---------------+----------------------+-----
Axes           | 4 5 6 7 8 9 |  9.0
Armour         | 2 3 |  3.5
Fighting       | 4 5 |  5.0
Dodging        | |  2.1

Action                     |  1- 3 |  4- 6 |  7- 9 || total
---------------------------+-------+-------+-------++-------
  Melee: Hand axe          |   117 |   228 |    54 ||   399
  Throw: Stone             |     3 |     4 |     4 ||    11
         Dart              |       |     4 |     1 ||     5
 Invoke: Convert to Beogh  |       |     1 |       ||     1
         Smiting           |       |     1 |       ||     1
         Recruit Apostle   |       |       |     1 ||     1
  Evoke: Wand              |       |     9 |    11 ||    20
    Use: Scroll            |     3 |       |     9 ||    12
         Potion            |       |       |     3 ||     3
   Stab: Paralysed         |       |       |    13 ||    13
 Armour: Robe              |    42 |       |       ||    42
         Ring mail         |    29 |    22 |       ||    51
         Scale mail        |       |   119 |    38 ||   157
         Skin              |       |       |     6 ||     6
  Dodge: Dodged            |    54 |    95 |    18 ||   167

Table legend: (Time is in decaauts)
 A = Elapsed time spent in this place.
 B = Non-inter-level travel time spent in this place.
 C = Inter-level travel time spent in this place.
 D = Time resting spent in this place.
 E = Time spent auto-exploring this place.
 F = Levels seen in this place.
 G = Mean time per level.
                   A        B        C        D        E       F      G
               +--------+--------+--------+--------+--------+-----+--------+
         Total |   4951 |   4716 |    235 |   1851 |   1197 |   4 | 1237.8 |
       Dungeon |   4951 |   4716 |    235 |   1851 |   1197 |   4 | 1237.8 |
               +--------+--------+--------+--------+--------+-----+--------+

Top non-repeatable levels by time:
     D:4: 1665 daAuts
     D:3: 1536 daAuts
     D:1: 1282 daAuts
     D:2: 467 daAuts
